 Dungeon Crawl Stone Soup version 0.24-a0-201-gf205589 (webtiles) character file.

Game seed: 5621132963465084074

3465 Borgoz the Slicer (level 10, 0/61 HPs)
             Began as a Kobold Gladiator on Mar 24, 2019.
             Was a Follower of Ashenzari.
             Succumbed to a water moccasin's poison
             ... on level 8 of the Dungeon.
             The game lasted 00:18:55 (7838 turns).

Borgoz the Slicer (Kobold Gladiator)                Turns: 7838, Time: 00:18:55

Health: 0/61       AC:  9    Str: 13    XL:     10   Next: 27%
Magic:  17/17      EV: 21    Int: 10    God:    Ashenzari [*.....]
Gold:   432        SH:  0    Dex: 24    Spells: 10/19 levels left

rFire    . . .     SeeInvis .   a - +2 rapier
rCold    . . .     Gourm    .   (shield restricted)
rNeg     . . .     Faith    .   b - +0 leather armour
rPois    .         Spirit   .   p - +2 helmet
rElec    .         Reflect  .   (no cloak)
rCorr    .         Harm     .   o - +0 pair of gloves
MR       .....                  s - +0 pair of boots
Stlth    ++++......             j - amulet of rage
HPRegen  0.20/turn              r - ring of stealth
MPRegen  0.15/turn              q - +6 ring of dexterity (curse)

@: lethally poisoned (0 -> -27), hasted, very quick
A: small, carnivore
a: Curse Item, Scrying, Renounce Religion, Evoke Berserk Rage


You were on level 8 of the Dungeon.
You worshipped Ashenzari.
Ashenzari was aware of your devotion.
You were completely stuffed.

You visited 2 branches of the dungeon, and saw 9 of its levels.

You collected 432 gold pieces.

Inventory:

Hand Weapons
 a - a +2 rapier (weapon)
Missiles
 d - 5 throwing nets (quivered)
 v - 28 poisoned needles
 z - 20 bolts
Armour
 b - a +0 leather armour (worn)
 o - a +0 pair of gloves (worn)
 p - a +2 helmet (worn)
 s - a +0 pair of boots (worn)
Jewellery
 j - an amulet of rage (around neck)
 q - a cursed +6 ring of dexterity (right hand)
 r - a ring of stealth (left hand)
 t - an uncursed ring of protection from cold
Wands
 l - a wand of polymorph (5)
 y - a wand of random effects (3)
Scrolls
 c - a scroll of enchant armour
 e - 5 scrolls of magic mapping
 g - 7 scrolls of teleportation
 h - a scroll of blinking
 k - 2 scrolls of remove curse
 w - a scroll of fear
 B - a scroll of identify
Potions
 i - 3 potions of cancellation
 m - 2 potions of flight
 x - a potion of mutation
 A - a potion of haste
Comestibles
 f - 10 rations
 n - 11 chunks of flesh


   Skills:
 + Level 6.5 Fighting
 + Level 8.2 Short Blades
 + Level 4.2 Throwing
 * Level 6.3 Armour
 + Level 7.5 Dodging
 + Level 4.8 Stealth
 - Level 5.0 Spellcasting
 + Level 4.5 Hexes
 - Level 1.0 Translocations
 + Level 1.5 Air Magic
 + Level 1.4 Poison Magic
 - Level 5.0 Evocations


You had 10 spell levels left.
You knew the following spells:

 Your Spells              Type           Power        Failure   Level  Hunger
a - Confusing Touch       Hex            ##....       4%          1    None
b - Confuse               Hex            ##......     13%         3    ###....
c - Blink                 Tloc           N/A          28%         2    ##.....
d - Mephitic Cloud        Conj/Pois/Air  #.......     50%         3    ###....

Your spell library contained the following spells:

 Spells                   Type           Power        Failure   Level  Hunger
 Slow                     Hex            ##......     7%          2    ##.....
 Magic Dart               Conj           #...         28%         1    None
 Call Imp                 Summ           #.......     38%         2    ##.....
 Gell's Gravitas          Tloc           #.........   50%         3    ###....
 Conjure Flame            Conj/Fire      #.......     63%         3    ###....
 Petrify                  Tmut/Erth      #.......     95%         4    ####...
 Metabolic Englaciation   Hex/Ice        #.........   97%         5    ######.
 Yara's Violent Unravell  Hex/Tmut       #.........   97%         5    ######.


Dungeon Overview and Level Annotations

Branches:
Dungeon (8/15)             Temple (1/1) D:4
   Lair: D:8-11

Altars:
Ashenzari
Cheibriados
Dithmenos
Elyvilon
Fedhas
Gozag
Hepliaklqana
Kikubaaqudgha
Makhleb
Nemelex Xobeh
Okawaru
Qazlal
Ru
Sif Muna
Trog
Vehumet
Wu Jian
Xom
Yredelemnul
The Shining One


Innate Abilities, Weirdness & Mutations

You are small and have problems with some larger weapons.
You are carnivorous and can eat meat at any time.


Message History

The water moccasin poisons you!
You bump into the rock wall.
You feel less invigorated.
You feel less confused.
* * * LOW HITPOINT WARNING * * *
You feel very sick. The water moccasin misses you.
It was a potion of haste.
You feel yourself speed up.
* * * LOW HITPOINT WARNING * * *
You feel very sick.
* * * LOW HITPOINT WARNING * * *
You feel sick.
Okay, then.
Evoke which item? (* to show all) (? for menu, Esc to quit)
Aiming: Random Effects
Press: ? - help, Shift-Dir - straight line, f - water moccasin
Aim: a water moccasin (lightly wounded, confused)
The water moccasin suddenly stops moving!
* * * LOW HITPOINT WARNING * * *
You feel sick.
You die...

## .# .# .# .# .# .## .#
.. #####.# .# #.S@..# .#
###.##### †# #.....#
.###### ###.###.######
......####...# #......#.
.####....#.#.###....o...
.# ####.#.#....o####
.#######.#.###.#.####.#
........)...........S...


You could see a water moccasin (paralysed).

Vanquished Creatures
  Pikel (D:4)
  Sigmund (D:6)
  A water moccasin (D:8)
  2 ice beasts
  2 slaves (D:4)
  4 black bears
  3 ogres
  A phantom (D:7)
  4 centaurs
  2 bullfrogs
  A gnoll sergeant (D:6)
  2 scorpions
  A water moccasin skeleton (D:7)
  A howler monkey (D:7)
  6 crimson imps
  A bullfrog zombie (D:7)
  A jelly (D:7)
  5 hounds
  4 orc wizards
  2 orc priests
  A gnoll shaman (D:6)
  4 iguanas
  3 worker ants
  8 gnolls (D:6)
  11 adders
  2 shadow imps
  An ooze (D:2)
  An adder skeleton (D:7)
  2 worms (D:2)
  A dart slug (D:3)
  2 leopard geckos
  26 orcs
  7 bats
  5 giant cockroaches
  3 goblins
  10 hobgoblins
  14 jackals
  A quokka (D:4)
  A ball python (D:2)
  8 frilled lizards
  10 kobolds
  A leopard gecko skeleton (D:7)
  2 quokka zombies (D:5)
  5 rats
174 creatures vanquished.

Notes
Turn   | Place    | Note
-------+----------+-------------------------------------------
     0 | D:1      | Borgoz the Kobold Gladiator began the quest for the Orb.
     0 | D:1      | Reached XP level 1. HP: 12/12 MP: 1/1
   307 | D:1      | Reached XP level 2. HP: 17/17 MP: 2/2
   324 | D:1      | Reached skill level 1 in Stealth
   550 | D:2      | Reached XP level 3. HP: 17/22 MP: 2/4
  1721 | D:2      | Reached skill level 1 in Spellcasting
  1721 | D:2      | Reached XP level 4. HP: 23/27 MP: 5/5
  1952 | D:2      | Found a hazy altar of Hepliaklqana.
  2187 | D:2      | Reached skill level 1 in Armour
  2520 | D:3      | Found a basalt altar of Yredelemnul.
  2544 | D:3      | Reached XP level 5. HP: 25/32 MP: 6/6
  3171 | D:3      | Reached skill level 5 in Fighting
  3171 | D:3      | Reached skill level 7 in Short Blades
  3171 | D:3      | Reached skill level 5 in Armour
  3171 | D:3      | Reached XP level 6. HP: 40/40 MP: 7/12
  3249 | D:3      | Learned a level 1 spell: Confusing Touch
  3253 | D:3      | Learned a level 3 spell: Confuse
  3256 | D:3      | Learned a level 2 spell: Blink
  3260 | D:3      | Learned a level 3 spell: Mephitic Cloud
  3268 | D:3      | Found a glowing golden altar of the Shining One.
  3596 | D:4      | Noticed Pikel
  3596 | D:4      | Noticed a slave
  3596 | D:4      | Noticed a slave
  3596 | D:4      | Noticed a slave
  3597 | D:4      | Noticed a slave
  3600 | D:4      | Killed a slave
  3610 | D:4      | Killed a slave
  3747 | D:4      | Found a staircase to the Ecumenical Temple.
  3766 | Temple   | Entered the Ecumenical Temple
  3874 | D:4      | Reached XP level 7. HP: 32/44 MP: 13/13
  4064 | D:4      | Killed Pikel
  4064 | D:4      | Reached XP level 8. HP: 44/51 MP: 12/15
  4508 | D:4      | Found a shattered altar of Ashenzari.
  4512 | D:4      | Saw a vision of the Swamp and the Snake Pit.
  4512 | D:4      | Noticed a naga warrior
  4512 | D:4      | Noticed a mana viper
  4514 | D:4      | Noticed a naga mage
  4514 | D:4      | Noticed an alligator
  4515 | D:4      | Noticed a naga mage
  4515 | D:4      | Noticed an alligator
  4516 | D:4      | Became a worshipper of Ashenzari the Shackled
  4598 | D:5      | Entered Level 5 of the Dungeon
  4828 | D:5      | Found a white marble altar of Elyvilon.
  5201 | D:6      | Found an ornate altar of the Wu Jian Council.
  5203 | D:6      | Noticed Sigmund
  5206 | D:6      | Reached XP level 9. HP: 55/55 MP: 16/16
  5221 | D:6      | Killed Sigmund
  5221 | D:6      | Reached skill level 5 in Evocations
  5495 | D:6      | Reached skill level 5 in Spellcasting
  5521 | D:6      | Found a blossoming altar of Fedhas.
  5868 | D:6      | Got the uncursed chain mail of the Old World {Int+4}
  5879 | D:6      | Identified the +0 chain mail of the Old World {Int+4} (You
                  | found it on level 6 of the Dungeon)
  5941 | D:6      | Found a burning altar of Makhleb.
  5942 | D:6      | Found a shimmering altar of Xom.
  6821 | D:7      | Reached skill level 8 in Short Blades
  6822 | D:7      | Reached * piety under Ashenzari
  6952 | D:7      | Reached skill level 1 in Poison Magic
  7047 | D:7      | Reached skill level 1 in Air Magic
  7047 | D:7      | Reached XP level 10. HP: 58/61 MP: 17/17
  7068 | D:7      | Reached skill level 1 in Translocations
  7317 | D:7      | Found a shadowy altar of Dithmenos.
  7318 | D:7      | Found a shattered altar of Ashenzari.
  7836 | D:8      | HP: 2/61 [poisoned by a water moccasin]
  7838 | D:8      | Succumbed to a water moccasin's poison

Levels and vault maps discovered:
D:1:      dpeg_arrival_windows_large_door, layout_basic, minmay_lizard_pond
D:2:      layout_loops_ring, marbit_many_paths, first_ration
D:3:      layout_loops_ring, nicolae_overflow_hidden_temple,
          yredelemnul_altar_generic
D:4:      cheibrodos_pilgrimage, layout_rooms, minmay_temple_entry_slanted,
          grunt_ashenzari_visionary [grunt_ashenzari_visionary_swamp,
          grunt_ashenzari_visionary_snake], uniq_pikel
D:5:      layout_cave_pools, elyvilon_altar_5
D:6:      layout_basic, grunt_temple_overflow_champion_of_chaos,
          overflow_temple_1_default, lemuel_crystal_altar, uniq_sigmund
D:7:      layout_loops_corners, minitemple, dk_noncrumbling_3
D:8:      layout_loops_ring, gammafunk_temple_overflow_wave, dpeg_lair_monsters,
          hangedman_ranch [blue_anna_fruit_fields], due_unseen_surprise
Temple:   eino_temple_lava

Skill      XL: |  1  2  3  4  5  6  7  8  9 10 |
---------------+-------------------------------+-----
Stealth        | 1 2 3 4 |  4.8
Spellcasting   | 1 4 5 |  5.0
Dodging        | 4 6 7 |  7.5
Armour         | 1 5 6 |  6.3
Fighting       | 5 6 |  6.5
Short Blades   | 7 8 |  8.2
Hexes          | 4 |  4.5
Evocations     | 4 5 |  5.0
Throwing       | 3 4 |  4.2
Poison Magic   | 1 |  1.4
Air Magic      | 1 |  1.5
Translocations | 1 |  1.0

Action                   |  1- 3 |  4- 6 |  7- 9 | 10-12 || total
-------------------------+-------+-------+-------+-------++-------
Melee: Rapier            |   152 |   169 |   356 |   108 ||   785
 Cast: Confusing Touch   |       |     3 |    15 |     2 ||    20
Evoke: Wand              |       |       |    10 |     1 ||    11
  Use: Scroll            |       |    14 |     4 |       ||    18
       Potion            |       |     4 |     1 |     2 ||     7
 Stab: Sleeping          |     4 |     6 |     8 |     6 ||    24
       Confused          |       |     2 |    10 |     1 ||    13
       Distracted        |       |       |       |     1 ||     1
  Eat: Chunk             |    11 |     7 |    10 |     3 ||    31
Armor: Leather armour    |    26 |    22 |    66 |    25 ||   139
Dodge: Dodged            |   109 |   102 |   311 |    64 ||   586

Table legend:
 A = Non-vault XP
 B = Vault XP
 C = Vault XP percentage of total XP
 D = Non-vault monster count
 E = Vault monster count
 F = Vault count percentage of total count
                 A         B        C        D         E       F
            +---------+---------+-------+---------+---------+-------
      Total |    3820 |     938 |  19.7 |     156 |      16 |   9.3
            +---------+---------+-------+---------+---------+-------
        D:1 |      30 |       5 |  14.3 |      19 |       5 |  20.8
        D:2 |      96 |       1 |   1.0 |      22 |       1 |   4.3
        D:3 |      81 |       0 |   0.0 |      22 |       0 |   0.0
        D:4 |     351 |     659 |  65.2 |      14 |       8 |  36.4
        D:5 |     501 |       0 |   0.0 |      18 |       0 |   0.0
        D:6 |     871 |     273 |  23.9 |      18 |       2 |  10.0
        D:7 |    1316 |       0 |   0.0 |      28 |       0 |   0.0
        D:8 |     529 |       0 |   0.0 |      13 |       0 |   0.0
     Temple |      45 |       0 |   0.0 |       2 |       0 |   0.0
            +---------+---------+-------+---------+---------+-------
